 Dungeon Crawl Stone Soup version 0.22-a0-539-gfbd9004e3f (webtiles) character file.

39 JackS81 the Chopper (level 3, 0/27 HPs)
             Began as a Demonspawn Gladiator on June 24, 2018.
             Slain by Terence
             ... wielding a +0 trident
              (3 damage)
             ... on level 2 of the Dungeon.
             The game lasted 00:03:53 (967 turns).

JackS81 the Chopper (Demonspawn Gladiator)           Turns: 967, Time: 00:03:53

Health: 0/27       AC:  4    Str: 12 (14) XL:     3   Next: 26%
Magic:  0/3        EV: 12    Int:  7 (9)  God:
Gold:   59         SH:  0    Dex: 14 (15) Spells: 2/2 levels left

rFire    . . .     SeeInvis .   a - +0 war axe
rCold    . . .     Gourm    .   (no shield)
rNeg     . . .     Faith    .   b - +0 leather armour
rPois    .         Spirit   +   c - +0 helmet
rElec    .         Reflect  .   (no cloak)
rCorr    .         Harm     .   (no gloves)
MR       .....                  (no boots)
Stlth    +.........             (no amulet)
HPRegen  0.09/turn              (no ring)
MPRegen  0.08/turn              (no ring)

@: flying
A: magic shield
a: no special abilities


You were on level 2 of the Dungeon.
You were not hungry.

You visited 1 branch of the dungeon, and saw 2 of its levels.

You collected 59 gold pieces.

Inventory:

Hand Weapons
 a - a +0 war axe (weapon)
 i - a +0 hunting sling
Missiles
 d - 3 throwing nets (quivered)
 l - 15 stones
 m - 22 sling bullets
 n - 5 tomahawks
 p - 15 arrows
Armour
 b - a +0 leather armour (worn)
 c - a +0 helmet (worn)
 r - a +1 leather armour of fire resistance
Potions
 h - a potion of agility
 k - a potion of flight
Comestibles
 f - 3 rations
 g - 5 chunks of flesh


   Skills:
 - Level 2.0 Fighting
 + Level 4.0 Axes
 - Level 1.7 Throwing
 - Level 2.6 Dodging


You had 2 spell levels left.
You didn't know any spells.
Your spell library was empty.

Dungeon Overview and Level Annotations

Branches:
Dungeon (2/15)

Altars:

Annotations:
D:2 Terence


Innate Abilities, Weirdness & Mutations

When hurt, damage is shared between your health and your magic reserves.


Message History

The bat hits you but does no damage. The bat hits you but does no damage. x2
You hit the bat.
You kill the bat!
Terence barely misses you.
Okay, then.
You aren't carrying any scrolls.
Terence hits you with a trident.
* * * LOW HITPOINT WARNING * * *
You slash Terence!
Terence is heavily wounded.
Terence hits you with a trident.
* * * LOW HITPOINT WARNING * * *
Your leather armour prevents you from hitting Terence.
Terence is heavily wounded.
Terence closely misses you.
You slash Terence!
Terence is almost dead.
Terence hits you with a trident.
You die...

*****#,,*#..# *,* #.,*#..######
*,* **####%.##.w.@...# *,*
,,.....$)...####.# *,*******
*,####..##.## #.# *,,,,,,,* *,*
#.,.#.#####.# *******,*
*,***#,,........w# *,*
*,**,,,,.#.#####@# *,*
*,**,**###.# #@# *,* *,**,* #.#
#.# *,* *,**,* #.# #.# ***,*
*,**,* *,* #.# *****,,,,
,,,,,*****,* #.# *,,,,,,,,
*,,,,,,,,,>* #.#######*,***,*,*
************####........,,,,,,*,*
#......#####*,*****,* #<........#
*,* *,,*


You could see Terence and a dart slug.

Vanquished Creatures
  An ooze (D:1)
  A dart slug (D:1)
  A leopard gecko (D:1)
  7 bats
  6 goblins
  2 hobgoblins
  8 kobolds
  3 frilled lizards
  2 rats (D:1)
31 creatures vanquished.

Notes
Turn   | Place    | Note
-------+----------+-------------------------------------------
     0 | D:1      | JackS81 the Demonspawn Gladiator began the quest for the Orb.
     0 | D:1      | Reached XP level 1. HP: 16/16 MP: 1/1
    21 | D:1      | Reached skill level 3 in Axes
   138 | D:1      | Gained mutation: When hurt, damage is shared between your health and your magic reserves. [demonic ancestry]
   138 | D:1      | Reached XP level 2. HP: 16/22 MP: 2/2
   800 | D:2      | Reached XP level 3. HP: 27/27 MP: 3/3
   934 | D:2      | Noticed Terence
   936 | D:2      | Reached skill level 4 in Axes
   967 | D:2      | Slain by Terence

Vault maps used:
D:1:      elethiomel_arrival_shortcut
D:2:      first_ration, nrook_mini_vaults, uniq_terence

Skill      XL: |  1  2  3 |
---------------+----------+-----
Axes           | 3 4 |  4.0
Fighting       | |  2.0
Throwing       | |  1.7
Dodging        | |  2.6

Action                   || total
-------------------------++-------
Melee: War axe           ||    75
  Use: Potion            ||     4
       Scroll            ||     3
Armor: Leather armour    ||    35
Dodge: Dodged            ||    68

Table legend:
 A = Spawn XP
 B = Non-spawn XP
 C = Spawn XP percentage of total XP
 D = Spawn monster count
 E = Non-spawn monster count
 F = Spawn count percentage of total count
 G = Total turns spent on level
                    A         B        C        D         E        F      G
               +---------+---------+-------+---------+---------+-------+---------
         Total |       0 |      56 |   0.0 |       0 |      31 |   0.0 |   967
               +---------+---------+-------+---------+---------+-------+---------
           D:1 |       0 |      39 |   0.0 |       0 |      20 |   0.0 |   785
           D:2 |       0 |      17 |   0.0 |       0 |      11 |   0.0 |   182
               +---------+---------+-------+---------+---------+-------+---------
